 Dungeon Crawl Stone Soup version 0.21.1-1-g345015f (webtiles) character file.

2669 johnjohn the Fighter (level 9, -5/89 HPs)
             Began as a Minotaur Fighter on June 6, 2018.
             Was a Believer of Nemelex Xobeh.
             Slain by a chaos spawn (10 damage)
             ... summoned by the player character
             ... on level 8 of the Dungeon.
             The game lasted 00:26:39 (6900 turns).

johnjohn the Fighter (Minotaur Fighter)             Turns: 6900, Time: 00:26:41

Health: -5/89      AC:  8    Str: 20    XL:     9   Next: 37%
Magic:  8/8        EV: 10    Int:  6    God:    Nemelex Xobeh [**....]
Gold:   286        SH:  9    Dex: 13    Spells: 8/8 levels left

rFire    . . .     SeeInvis .   w - +0 war axe
rCold    . . .     Gourm    .   c - +0 shield
rNeg     . . .     Faith    .   b - +0 scale mail
rPois    .         Spirit   .   (helmet restricted)
rElec    .         Reflect  .   (no cloak)
rCorr    .         Harm     .   (no gloves)
MR       +....                  (no boots)
Stlth    ..........             (no amulet)
HPRegen  0.24/turn              J - ring "Soaron" {MR+ AC+2}
MPRegen  0.11/turn              G - +3 ring of evasion

@: lethally poisoned (-5 -> -24), starving
A: retaliatory headbutt, horns 2
a: Renounce Religion


You were on level 8 of the Dungeon.
You worshipped Nemelex Xobeh.
Nemelex Xobeh was pleased with you.
You were starving.

You visited 2 branches of the dungeon, and saw 9 of its levels.

You collected 286 gold pieces.

Inventory:

Hand Weapons
 a - a +0 war axe
 u - a +0 hand axe
 w - a +0 war axe (weapon)
Armour
 b - a +0 scale mail (worn)
 c - a +0 shield (worn)
 z - a +0 ring mail
 D - a +2 robe of magic resistance
Jewellery
 x - a +3 ring of dexterity
 G - a +3 ring of evasion (right hand)
 J - the ring "Soaron" (left hand) {MR+ AC+2}
   (You found it on level 7 of the Dungeon)

   [ring of protection]

   It affects your AC (+2).
   It affects your resistance to hostile enchantments.
Wands
 i - a wand of paralysis (12)
 r - a wand of scattershot (3)
 y - a wand of acid (10)
Scrolls
 g - a scroll of fog
 h - 3 scrolls of amnesia {unknown}
 l - 3 scrolls of teleportation
 m - 2 scrolls of enchant weapon {unknown}
 p - 5 scrolls of remove curse
 q - 2 scrolls of enchant armour {unknown}
 v - 4 scrolls of magic mapping {unknown}
 A - a scroll of fear {unknown}
 B - a scroll of silence {unknown}
 F - a scroll of immolation {unknown}
Potions
 d - 3 potions of might
 j - 2 potions of flight
 k - 2 potions of curing
 n - 2 potions of brilliance
 o - a potion of degeneration
 t - a potion of ambrosia
 C - a potion of magic
 I - a potion of mutation {unknown}
Miscellaneous
 E - a plain deck of escape {drawn: 5}
Comestibles
 f - 14 rations


   Skills:
 + Level 11.3 Fighting
 + Level 11.0 Axes
 - Level 3.6 Armour
 - Level 3.6 Shields


You had 8 spell levels left.
You didn't know any spells.

Dungeon Overview and Level Annotations

Branches:
Dungeon (8/15)             Temple (1/1) D:4
   Lair: D:8-11

Altars:
Fedhas
Hepliaklqana
Kikubaaqudgha
Nemelex Xobeh
Okawaru
Ru
Sif Muna
Uskayaw
Vehumet

Shops:
D:5 [   D:8 }


Innate Abilities, Weirdness & Mutations

You reflexively headbutt those who attack you in melee.
You have a pair of horns on your head.


Message History

The killer bee barely misses you. You furiously retaliate!
You headbutt the killer bee!
You kill the killer bee!
You block the killer bee's attack.
The ice beast hits you but does no damage.
You block the chaos spawn's attack.
* * * LOW HITPOINT WARNING * * *
You feel sick. The killer bee barely misses you. You furiously retaliate!
You headbutt the killer bee!
You kill the killer bee!
Your Axes skill increases to level 11!
You closely miss the chaos spawn.
The chaos spawn is almost dead.
You closely miss the ice beast.
* * * LOW HITPOINT WARNING * * *
You feel sick. You block the ice beast's attack. The chaos spawn gores you!
* * * LOW HITPOINT WARNING * * *
You are engulfed in flames!
You die...
Your body glows slightly and disappears.

#.#
#.##.$..........
#.#
#.##............
..#
#.###hy.†.).....
#####.#
##.....##...
#∩..# ###.### #
#.### ##§§#
##.######†.§##
#.....##Y4.§.#
#.#.#.#.@#.#.#
#.........§§.#
#.#.#....#.#.#
............(...#
....#.#..#####.##
........... ...
.....#.#.### ###.
.....#.#.# .. #
..#


You could see a chaos spawn and an ice beast.

Vanquished Creatures
  Pikel (D:7)
  3 hogs (D:7)
  A human (D:7)
  A slave (D:7)
  3 ice beasts
  A black bear (D:8)
  The ghost of troglodite the Skirmisher, an amateur DsBe of Trog (D:3)
  An ogre (D:6)
  A centaur (D:7)
  A scorpion (D:5)
  3 killer bees (D:8)
  2 crimson imps (D:7)
  A bullfrog zombie (D:5)
  A centaur skeleton (D:5)
  4 hounds
  An orc priest (D:7)
  A jelly (D:6)
  A bullfrog skeleton (D:7)
  Jessica (D:2)
  3 iguanas
  2 worker ants
  3 hound skeletons
  A gnoll (D:4)
  8 adders
  An ooze (D:1)
  4 leopard geckos
  6 orcs
  5 ball pythons
  8 bats
  3 giant cockroaches
  9 hobgoblins
  16 jackals
  4 kobolds
  2 quokkas
  5 frilled lizards
  11 goblins
  A leopard gecko skeleton (D:5)
  3 rats
124 creatures vanquished.

Vanquished Creatures (collateral kills)
  A slave (D:7)
  An ogre (D:5)
  2 killer bees (D:8)
  A hound (D:5)
  An orc wizard (D:5)
  A worker ant (D:5)
  An adder (D:5)
  3 jackals (D:5)
11 creatures vanquished.

Grand Total: 135 creatures vanquished

Notes
Turn   | Place    | Note
-------+----------+-------------------------------------------
     0 | D:1      | johnjohn the Minotaur Fighter began the quest for the Orb.
     0 | D:1      | Reached XP level 1. HP: 19/19 MP: 0/0
   111 | D:1      | Reached XP level 2. HP: 27/27 MP: 1/1
   532 | D:1      | Reached XP level 3. HP: 34/34 MP: 2/2
  1539 | D:2      | Found a sacrificial altar of Ru.
  1669 | D:2      | Noticed Jessica
  1682 | D:2      | Killed Jessica
  1682 | D:2      | Reached skill level 5 in Fighting
  1682 | D:2      | Reached XP level 4. HP: 24/42 MP: 3/3
  2370 | D:3      | Noticed troglodite's ghost (amateur DsBe)
  2379 | D:3      | Reached XP level 5. HP: 26/49 MP: 4/4
  2385 | D:3      | Killed troglodite's ghost
  2385 | D:3      | Reached skill level 5 in Axes
  2806 | D:4      | Found a staircase to the Ecumenical Temple.
  2811 | Temple   | Entered the Ecumenical Temple
  2927 | Temple   | Became a worshipper of Nemelex Xobeh the Trickster
  3039 | D:4      | Found a sparkling altar of Nemelex Xobeh.
  3082 | D:4      | Found a hazy altar of Hepliaklqana.
  3154 | D:4      | Reached XP level 6. HP: 58/58 MP: 5/5
  3300 | D:4      | Received a gift from Nemelex Xobeh
  3649 | D:4      | Found an iron altar of Okawaru.
  3742 | D:5      | Entered Level 5 of the Dungeon
  3899 | D:5      | Found Tetyaray's Armour Shoppe.
  3958 | D:5      | Found a hide-covered altar of Uskayaw.
  3987 | D:5      | Reached XP level 7. HP: 34/66 MP: 6/6
  4537 | D:6      | Reached * piety under Nemelex Xobeh
  4639 | D:6      | Found a hide-covered altar of Uskayaw.
  5449 | D:7      | Reached ** piety under Nemelex Xobeh
  5480 | D:7      | Reached XP level 8. HP: 77/77 MP: 7/7
  5578 | D:7      | Noticed Pikel
  5615 | D:7      | Killed Pikel
  5946 | D:7      | Reached skill level 10 in Fighting
  5969 | D:7      | Received a gift from Nemelex Xobeh
  6165 | D:7      | Got a scintillating tin ring
  6335 | D:7      | Reached skill level 10 in Axes
  6343 | D:7      | Reached XP level 9. HP: 44/86 MP: 8/8
  6761 | D:7      | Identified the ring "Soaron" {MR+ AC+2} (You found it on level 7 of the Dungeon)
  6809 | D:8      | Found Zochesoe's Gadget Boutique.
  6900 | D:8      | Slain by a chaos spawn

Skill      XL: |  1  2  3  4  5  6  7  8  9 |
---------------+----------------------------+-----
Fighting       | 4 5 6 7 8 10 11 | 11.3
Axes           | 3 4 5 6 8 10 11 | 11.0
Armour         | |  3.6
Shields        | |  3.6

Action                   |  1- 3 |  4- 6 |  7- 9 || total
-------------------------+-------+-------+-------++-------
Melee: War axe           |   100 |   115 |   152 ||   367
       Headbutt          |    19 |    18 |    27 ||    64
Evoke: Deck              |       |     3 |     8 ||    11
  Use: Scroll            |       |       |     8 ||     8
  Eat: Chunk             |     3 |     7 |     7 ||    17
Armor: Scale mail        |    55 |    48 |    54 ||   157
Dodge: Dodged            |    30 |    43 |    54 ||   127
Block: Shield            |    63 |    58 |    83 ||   204
